 Dungeon Crawl Stone Soup version 0.20-a0-269-g17f5411 (webtiles) character file.

19698 Kadarus the Carver (level 12, -3/85 HPs)
             Began as a Yellow Draconian Warper on Dec 7, 2016.
             Was an Elder of Ashenzari.
             Killed from afar by a starcursed mass (12 damage)
             ... with an accursed screaming
             ... on level 3 of the Abyss on Dec 8, 2016.
             The game lasted 01:55:31 (18013 turns).

Kadarus the Carver (Yellow Draconian Warper)       Turns: 18013, Time: 01:55:32

Health: -3/85      AC: 18    Str: 14    XL:     12   Next: 38%
Magic:  24/24      EV: 27    Int: 23    God:    Ashenzari [****..]
Gold:   625        SH:  0    Dex: 21    Spells: 5/15 levels left

rFire  . . .     SeeInvis +     a - +0 great sword (holy)
rCold  . . .     Gourm    .     (armour unavailable)
rNeg   + . .     Faith    .     (shield currently unavailable)
rPois  +         Spirit   .     (helmet restricted)
rElec  .         Reflect  .     G - +2 cloak (curse)
rCorr  +         Harm     .     D - +1 pair of gloves (curse)
MR     .....     Clarity  +     j - +1 pair of boots (curse)
Stlth  ++........               (no amulet)
                                k - ring of Jotel {rPois rN+ MP+9 Int+4 Dex+4} (curse)
                                y - +3 ring of protection (curse)

@: confused, agile, about to teleport, flying
A: spit acid, acid resistance, unfitting armour, big wings, clever 1,
cold-blooded, AC +8
a: Breathe Acid, Stop Flying, Curse Item, Scrying, Renounce Religion


You were on level 3 of the Abyss.
You worshipped Ashenzari.
Ashenzari was greatly pleased with you.
You were not hungry.

You visited 3 branches of the dungeon, and saw 13 of its levels.
You visited the Abyss 1 time.
You also visited: Ossuary and Volcano.

You collected 963 gold pieces.
You spent 338 gold pieces at shops.

Inventory:

Hand Weapons
 a - a +0 great sword of holy wrath (weapon)
 b - a +0 blowgun
Armour
 j - a cursed +1 pair of boots (worn)
 D - a cursed +1 pair of gloves (worn)
 G - a cursed +2 cloak (worn)
Jewellery
 k - the cursed ring of Jotel (right hand) {rPois rN+ MP+9 Int+4 Dex+4}
   (You found it on level 6 of the Dungeon)

   [ring of magical power]

   It affects your intelligence (+4).
   It affects your dexterity (+4).
   It protects you from poison.
   It protects you from negative energy.
   It affects your magic capacity (+9).
   It has a curse placed upon it.
 y - a cursed +3 ring of protection (left hand)
Wands
 f - a wand of iceblast (5/15)
 A - a wand of acid (4/15)
 C - a wand of teleportation (0/9)
 I - a wand of slowing (32/48)
 M - a wand of iceblast (7/15)
 N - a wand of iceblast (3/15)
Scrolls
 c - a scroll of blinking
 d - 4 scrolls of remove curse
 e - 4 scrolls of immolation
 i - 2 scrolls of magic mapping
 q - 3 scrolls of amnesia
 t - 2 scrolls of recharging
 u - a scroll of summoning
 z - a scroll of fog {unknown}
 E - a scroll of vulnerability
 J - a scroll of identify
 L - a scroll of fear
Potions
 h - a potion of cancellation
 l - a potion of magic
 o - 3 potions of brilliance
 s - 3 potions of curing
 w - a potion of ambrosia
 B - a potion of cure mutation
Books
 x - a book of Spatial Translocations

   Spells                             Type                      Level
   a - Blink                          Translocation                2
   b - Shroud of Golubria             Charms/Translocation         2
   c - Lesser Beckoning               Translocation                3
   d - Portal Projectile              Translocation                3
   e - Teleport Other                 Translocation                3
   f - Passage of Golubria            Translocation                4
Comestibles
 g - 22 fruits
 v - 3 beef jerkies
 F - 3 meat rations


   Skills:
 - Level 2.1 Fighting
 - Level 13.1 Long Blades
 - Level 9.0 Throwing
 + Level 8.5(10.7) Dodging
 - Level 2.0 Spellcasting
 - Level 3.3(5.4) Charms
 + Level 8.7(10.9) Translocations


You had 5 spell levels left.
You knew the following spells:

 Your Spells              Type           Power        Failure   Level  Hunger
a - Shroud of Golubria    Chrm/Tloc      #####.....   1%          2    ##.....
b - Blink                 Tloc           N/A          1%          2    ##.....
c - Lesser Beckoning      Tloc           ######....   1%          3    ###....
d - Portal Projectile     Tloc           ######       1%          3    ###....


Dungeon Overview and Level Annotations

Branches:
Dungeon (10/15)            Temple (1/1) D:6            Lair (2/6) D:10
 Shoals (0/4) Lair:2       Spider (0/4) Lair:2          Orc (0/2) D:9

Altars:
Ashenzari
Cheibriados
Dithmenos
Elyvilon
Fedhas
Gozag
Hepliaklqana
Kikubaaqudgha
Makhleb
Nemelex Xobeh
Okawaru
Qazlal
Ru
Sif Muna
Trog
Uskayaw
Vehumet
Xom
Yredelemnul
Zin
The Shining One
Beogh

Shops:
D:6 (   D:9 (


Innate Abilities, Weirdness & Mutations

You can spit globs of acid.
You are resistant to acid.
Your golden yellow scales are hard. (AC +8)
You cannot fit into any form of body armour.
You are cold-blooded and may be slowed by cold attacks.
Your large and strong wings let you fly indefinitely.
Your mind is acute. (Int +2)


Message History

Unknown command.
The thrashing horror completely misses you.
The thrashing horror closely misses you.
Unknown command.
You are confused.
You feel invigorated.
The thrashing horror completely misses you.
The thrashing horror tramples you but does no damage.
The thrashing horror misses you.
The thrashing horror completely misses you.
A deafening chorus of shrieks assaults your mind!
* * * LOW HITPOINT WARNING * * *
You suddenly lose the ability to move!
You can move again.
You bump into the stone wall.
The thrashing horror barely misses you.
The thrashing horror closely misses you.
The starcursed mass closely misses you.
A starcursed mass splits.
The starcursed mass engulfs you but does no damage.
A deafening chorus of shrieks assaults your mind!
You die...

* , ,* , ,,, #
....,* , * , ,
..# .# ..,. ,,.
, ,,
*,*#..####..#
...*∩ * , * ,
... ......#. .
, ,,
#..##.X#..#
.,,*, * ,,,
#.#..#{#.*.# .
* ,
#..X##{#...#.#
. , ,, **
,#.X##X#.##.# ,
* * * ,
,*#X@XXX...#.#
, *, ,*,
######.##.# , #
**** * ..###..#
.# # # * * ,,*
, #§#.
,..#.###. .#* ,
,* * *##.
#...#.#.#...
.** , *,,*,, ,
#*#....#...#..#
. * * * #.####.
..#.#.# ,, ,, ,
,** #.#.
,.#*.... ,.,#
,*, ,**
*##..*.#...,#..
#


You could see 6 starcursed masses and a thrashing horror.

Vanquished Creatures
  A thrashing horror (Abyss:3)
  A flayed ghost (Abyss:3)
  4 hill giants (D:10)
  3 wizards (Volcano)
  An orc sorcerer (D:9)
  2 oklob plants (Lair:1)
  3 toenail golems (Volcano)
  Maurice (D:9)
  A black mamba (Lair:1)
  A smoke demon (Abyss:3)
  A komodo dragon (Lair:1)
  A rime drake (Lair:1)
  An ancient zyme (Abyss:3)
  A demonic crawler (Lair:2)
  5 trolls
  A polar bear (Lair:2)
  2 hippogriffs
  A wyvern (D:8)
  7 yaks
  A steam dragon (D:9)
  Menkaure (D:7)
  A water moccasin (Lair:2)
  A porcupine (Lair:1)
  3 necrophages
  5 ice beasts
  9 orc warriors
  A black bear (D:8)
  A phantom (D:8)
  7 centaurs
  4 ogres
  A wolf (D:10)
  A crocodile (Lair:1)
  3 big kobolds
  2 bullfrogs
  4 scorpions
  A water moccasin skeleton (D:10)
  12 killer bees
  12 wights
  4 howler monkeys
  3 electric eels (D:10)
  3 crimson imps
  2 centaur zombies
  A starcursed mass (Abyss:3)
  2 jellies (D:10)
  2 quasits
  A bullfrog zombie (D:6)
  12 orc priests
  14 hounds
  2 centaur skeletons
  A bullfrog skeleton (D:8)
  2 iguanas
  25 orc wizards
  12 worker ants
  A killer bee zombie (D:5)
  A big kobold zombie (Ossuary)
  A hound skeleton (D:5)
  8 mummies (Ossuary)
  A howler monkey skeleton (D:4)
  A worker ant zombie (D:9)
  9 adders
  15 gnolls
  An ufetubus (Abyss:3)
  3 oozes
  3 adder skeletons
  An adder zombie (D:7)
  2 worms
  3 dart slugs
  2 leopard geckos
  87 orcs
  13 giant cockroaches
  5 goblins
  10 hobgoblins
  17 jackals
  2 quokkas
  A ball python (D:3)
  9 bats
  5 frilled lizards
  A giant cockroach zombie (D:6)
  3 gnoll zombies (Ossuary)
  2 hobgoblin zombies (Ossuary)
  36 kobolds
  A kobold zombie (Ossuary)
  An orc zombie (Ossuary)
  A quokka skeleton (D:8)
  10 rats
  A plant (Lair:1)
451 creatures vanquished.

Vanquished Creatures (others)
  An orc (D:9)
  2 plants (D:7)
3 creatures vanquished.

Grand Total: 454 creatures vanquished

Notes
Turn   | Place    | Note
-------+----------+-------------------------------------------
     0 | D:1      | Kadarus the Draconian Warper began the quest for the Orb.
     0 | D:1      | Reached XP level 1. HP: 17/17 MP: 3/3
   199 | D:1      | Reached XP level 2. HP: 12/24 MP: 5/5
   289 | D:1      | Reached skill level 3 in Long Blades
   536 | D:1      | Learned a level 2 spell: Shroud of Golubria
  1048 | D:2      | Reached skill level 1 in Charms
  1048 | D:2      | Reached XP level 3. HP: 21/29 MP: 6/6
  1068 | D:2      | Learned a level 2 spell: Blink
  1708 | D:2      | Reached XP level 4. HP: 16/36 MP: 4/7
  1959 | D:2      | Learned a level 3 spell: Lesser Beckoning
  2554 | D:2      | Reached skill level 4 in Long Blades
  2993 | D:3      | Reached XP level 5. HP: 41/41 MP: 8/8
  3038 | D:3      | Found a radiant altar of Vehumet.
  3042 | D:3      | Found an ancient bone altar of Kikubaaqudgha.
  3219 | D:3      | Noticed an ogre
  3228 | D:3      | Killed an ogre
  3418 | D:3      | Reached XP level 6. HP: 48/48 MP: 9/9
  3635 | D:3      | Found a roughly hewn altar of Beogh.
  3679 | D:3      | Reached skill level 5 in Long Blades
  4883 | D:4      | Upgraded the game from 0.20-a0-268-gb6bde61 to 0.20-a0-269-g17f5411
  4901 | D:4      | Your scales start taking on a golden yellow colour.
  4901 | D:4      | Reached XP level 7. HP: 40/55 MP: 3/10
  5128 | D:4      | Reached skill level 6 in Long Blades
  5244 | D:4      | Found a shattered altar of Ashenzari.
  5251 | D:4      | Became a worshipper of Ashenzari the Shackled
  5289 | D:4      | Reached skill level 5 in Translocations
  5867 | D:5      | Entered Level 5 of the Dungeon
  6337 | D:5      | Reached XP level 8. HP: 55/61 MP: 11/11
  6404 | D:5      | Reached skill level 7 in Long Blades
  6495 | D:5      | Learned a level 3 spell: Portal Projectile
  6967 | D:6      | Reached skill level 1 in Throwing
  6978 | D:6      | Reached * piety under Ashenzari
  7297 | D:6      | Found Seshufau's Antique Weapon Shop.
  7300 | D:6      | Bought a runed great sword for 287 gold pieces
  7549 | D:6      | Reached skill level 8 in Long Blades
  7900 | D:6      | Identified the ring of Jotel {rPois rN+ MP+9 Int+4 Dex+4}
  7959 | D:6      | Found a staircase to the Ecumenical Temple.
  7970 | Temple   | Entered the Ecumenical Temple
  8575 | D:7      | Found a sand-covered staircase.
  8601 | Ossuary  | Entered an ossuary
  8766 | Ossuary  | Reached XP level 9. HP: 51/67 MP: 12/12
  9221 | D:7      | Noticed Menkaure
  9279 | D:7      | Killed Menkaure
  9279 | D:7      | Reached skill level 9 in Long Blades
  9735 | D:7      | Reached skill level 5 in Throwing
  9876 | D:7      | Found an opulent altar of Gozag.
 10643 | D:8      | Reached skill level 10 in Long Blades
 10687 | D:8      | HP: 3/67 [orc warrior/mace (18)]
 10733 | D:8      | Reached XP level 10. HP: 8/73 MP: 4/13
 11642 | D:8      | Reached ** piety under Ashenzari
 11930 | D:9      | Found Atirph's Weapon Boutique.
 11935 | D:9      | Bought a throwing net for 51 gold pieces
 11965 | D:9      | Reached skill level 11 in Long Blades
 12010 | D:9      | Gained mutation: Your mind is acute. (Int +2) [potion of mutation]
 12010 | D:9      | Gained mutation: Your large and strong wings let you fly indefinitely. [potion of mutation]
 12737 | D:9      | Noticed Maurice
 12764 | D:9      | Killed Maurice
 13486 | D:9      | Found a staircase to the Orcish Mines.
 13491 | D:9      | Noticed an orc sorcerer
 13502 | D:9      | Paralysed by an orc sorcerer for 2 turns
 13506 | D:9      | Paralysed by an orc sorcerer for 6 turns
 13513 | D:9      | Noticed a sun demon
 13513 | D:9      | Killed an orc sorcerer
 13787 | D:10     | Entered Level 10 of the Dungeon
 13793 | D:10     | Noticed a hill giant
 13803 | D:10     | Killed a hill giant
 13803 | D:10     | Reached skill level 12 in Long Blades
 13803 | D:10     | Reached XP level 11. HP: 75/79 MP: 14/14
 14831 | D:10     | Found a staircase to the Lair.
 15395 | D:10     | Noticed a hill giant
 15396 | D:10     | Noticed a hill giant
 15416 | D:10     | Killed a hill giant
 15417 | D:10     | Killed a hill giant
 15417 | D:10     | Reached skill level 5 in Dodging
 15648 | D:10     | Noticed a hill giant
 15662 | D:10     | Killed a hill giant
 15664 | D:10     | Reached skill level 13 in Long Blades
 15784 | Lair:1   | Entered Level 1 of the Lair of Beasts
 15784 | Lair:1   | Noticed an oklob plant
 15810 | Lair:1   | Killed an oklob plant
 16079 | Lair:1   | Reached *** piety under Ashenzari
 16105 | Lair:1   | Noticed an oklob plant
 16129 | Lair:1   | Killed an oklob plant
 17353 | Lair:2   | Reached **** piety under Ashenzari
 17401 | Lair:2   | Found a hole to the Spider Nest.
 17413 | Lair:2   | Reached XP level 12. HP: 72/85 MP: 15/15
 17431 | Lair:2   | Found a shattered altar of Ashenzari.
 17446 | Lair:2   | Found a dark tunnel.
 17522 | Volcano  | Entered a volcano
 17603 | Volcano  | Paralysed by a wizard for 3 turns
 17748 | Volcano  | Cast into level 3 of the Abyss (a wizard)
 17815 | Abyss:3  | Noticed a starcursed mass
 17871 | Abyss:3  | Noticed a kraken
 17989 | Abyss:3  | Noticed a tentacled starspawn
 18002 | Abyss:3  | Noticed a starcursed mass
 18009 | Abyss:3  | HP: 4/85 [thrashing horror (11)]
 18012 | Abyss:3  | Paralysed by accursed screaming for 1 turns
 18013 | Abyss:3  | Killed from afar by a starcursed mass

Vault maps used:
D:1:      dpeg_arrival_rhombi, serial_corexii_hall, corexii_hall_statues_x,
          corexii_hall_statues_u, corexii_hall_statues_l
D:3:      minitemple, interstate_on_off, kennysheep_orc_chapel
D:4:      ashenzari_altar_1
D:5:      first_bread
D:6:      serial_shops, kennysheep_mini
D:7:      kennysheep_kobold_camp, nicolae_ossuary_entry_monument, basic_altar,
          uniq_menkaure
D:9:      hiddenorc2_lemuel, serial_shops, shop, uniq_maurice
D:10:     erik_lair_island
Temple:   hc_temple_tempest_star
Lair:1:   eino_small_chamber_without_monster, dpeg_stationary_puzzle,
          lemuel_fruit_fields, lemuel_fruit_tree, minmay_lair_oklob_chamber,
          grunt_megastairs_4
Lair:2:   minmay_shoals_entry_hut, nicolae_spider_entry_non_spiders,
          basic_altar, enter_volcano_2, lemuel_fruit_fields
Abyss:3:  hangedman_classic_abyss_death,
          dshaligram_kb_abyss_rune_zappy_water_cross
Ossuary:  ossuary_tomb_3
Volcano:  volcano_bunker

Skill      XL: |  1  2  3  4  5  6  7  8  9 10 11 12 |
---------------+-------------------------------------+-----
Long Blades    | 3 4 5 6 8 10 12 13 | 13.1
Charms         | 1 2 3 |  3.3
Translocations | 4 5 6 7 8 |  8.7
Throwing       | 3 6 9 |  9.0
Dodging        | 7 8 |  8.5
Fighting       | |  2.1
Spellcasting   | |  2.0

Action                   |  1- 3 |  4- 6 |  7- 9 | 10-12 || total
-------------------------+-------+-------+-------+-------++-------
Melee: Falchion          |   127 |   307 |   707 |       ||  1141
       Tailslap          |    15 |    34 |   108 |   120 ||   277
       Great sword       |       |       |    81 |   651 ||   732
 Fire: Blowgun           |       |       |    10 |     8 ||    18
Throw: Tomahawk          |       |     2 |    47 |    59 ||   108
       Javelin           |       |       |    62 |   120 ||   182
       Throwing net      |       |       |       |     1 ||     1
 Cast: Shroud of Golubri |     3 |    19 |    57 |    40 ||   119
       Blink             |       |     2 |     7 |       ||     9
       Lesser Beckoning  |       |     1 |     2 |     1 ||     4
       Portal Projectile |       |       |    19 |    46 ||    65
Invok: Curse Item        |       |       |     3 |     2 ||     5
       Scrying           |       |       |       |     1 ||     1
 Abil: Breathe Acid      |       |       |    13 |     6 ||    19
       Fly               |       |       |       |     2 ||     2
       Stop Flying       |       |       |       |     1 ||     1
Evoke: Wand              |       |       |     6 |     5 ||    11
  Use: Scroll            |     3 |     5 |     6 |    11 ||    25
       Potion            |     1 |     2 |     7 |    11 ||    21
 Stab: Sleeping          |     1 |     1 |       |       ||     2
  Eat: Bread ration      |     1 |       |     1 |     3 ||     5
       Chunk             |       |     6 |    14 |    20 ||    40
       Meat ration       |       |     1 |     2 |       ||     3
Armor: Skin              |    45 |   104 |   346 |   326 ||   821
Dodge: Dodged            |    85 |   190 |   478 |   643 ||  1396
       Rpst.: Falchion   |    31 |    57 |   110 |       ||   198
       Great sword       |       |       |    26 |   151 ||   177
